 Dungeon Crawl Stone Soup version 0.20-a0-309-gcba9277 (webtiles) character file.

130 xodi the Skirmisher (level 5, -4/48 HPs)
             Began as a Hill Orc Monk on Dec 19, 2016.
             Splashed by a jelly's acid (9 damage)
             ... on level 3 of the Dungeon.
             The game lasted 00:05:30 (2401 turns).

xodi the Skirmisher (Hill Orc Monk)                 Turns: 2401, Time: 00:05:31

Health: -4/48      AC:  0    Str: 15    XL:     5   Next: 14%
Magic:  5/5        EV:  5    Int: 10    God:
Gold:   100        SH:  0    Dex: 13    Spells: 4/4 levels left

rFire  + . .     SeeInvis .     a - +0 hand axe
rCold  x . .     Gourm    .     g - +0 plate armour
rNeg   . . .     Faith    .     (no shield)
rPois  .         Spirit   .     (no helmet)
rElec  .         Reflect  .     (no cloak)
rCorr  .         Harm     .     (no gloves)
MR     +....                    (no boots)
Stlth  ..........               (no amulet)
                                q - ring of fire
                                d - ring of protection from magic

@: corroded
A: no striking features
a: no special abilities


You were on level 3 of the Dungeon.
You were very hungry.

You visited 1 branch of the dungeon, and saw 3 of its levels.

You collected 100 gold pieces.

Inventory:

Hand Weapons
 a - a +0 hand axe (weapon)
Armour
 b - a +0 robe
 g - a +0 plate armour (worn)
Jewellery
 d - a ring of protection from magic (left hand)
 q - a ring of fire (right hand)
Scrolls
 h - 2 scrolls of remove curse {unknown}
 i - 2 scrolls of magic mapping {unknown}
 k - a scroll of enchant weapon {unknown}
 l - a scroll of identify {unknown}
 n - a scroll of recharging {unknown}
 o - a scroll of blinking {unknown}
 p - a scroll of random uselessness {unknown}
 s - a scroll of fear {unknown}
Potions
 e - a potion of ambrosia
 j - a potion of cure mutation {unknown}
 r - 2 potions of curing {unknown}
Comestibles
 c - 5 bread rations
 f - 2 meat rations
 m - a beef jerky


   Skills:
 * Level 5.0 Fighting
 + Level 5.0 Axes
 * Level 2.9 Armour
 - Level 2.4 Dodging
 - Level 1.5 Stealth


You had 4 spell levels left.
You didn't know any spells.

Dungeon Overview and Level Annotations

Branches:
Dungeon (3/15)

Altars:
Hepliaklqana
Sif Muna
Vehumet
Xom


Message History

You hit the jelly.
Your hands burn!
The jelly is severely wounded.
The jelly hits you. The acid corrodes you!
You are splashed with acid!
The acid burns!
You completely miss the jelly.
The jelly is severely wounded.
The jelly hits you.
You are splashed with acid!
The acid burns!
* * * LOW HITPOINT WARNING * * *
You hit the jelly but do no damage.
Your hands burn!
* * * LOW HITPOINT WARNING * * *
The jelly is severely wounded.
The jelly hits you.
* * * LOW HITPOINT WARNING * * *
The acid corrodes you!
You are splashed with acid!
The acid burns!
* * * LOW HITPOINT WARNING * * *
The jelly jiggles.
The jelly hits you.
* * * LOW HITPOINT WARNING * * *
You are splashed with acid!
The acid burns!
You die...

#.#### .# #.....##
##.##.###.## #......#
............ #.##.#.#
#.#.[..÷### #.##J#.###
#........##### #.##.....#
.............## #.####.#.#
#..<..........###........#
#.#............##........#
..##...#.......J@..####..####
#####.##.......##..##.......#
#####.....###..##.#..##†###
##...## #........##...# ##.##
##.)....#####.# #.###
#.....## #.# ###...####.....#
#.# #.......##.....# #.#
#.###.#.##.....# #.#


You could see a jelly.

Vanquished Creatures
  6 adders
  An ooze (D:1)
  2 worms (D:2)
  A dart slug (D:1)
  4 leopard geckos
  2 orcs
  4 giant cockroaches
  4 goblins
  2 hobgoblins
  4 jackals (D:2)
  7 kobolds
  A quokka (D:3)
  5 ball pythons (D:2)
  5 bats
  6 frilled lizards (D:1)
  10 rats
64 creatures vanquished.

Notes
Turn   | Place    | Note
-------+----------+-------------------------------------------
     0 | D:1      | xodi the Hill Orc Monk began the quest for the Orb.
     0 | D:1      | Reached XP level 1. HP: 19/19 MP: 1/1
   276 | D:1      | Reached XP level 2. HP: 26/27 MP: 2/2
   753 | D:1      | Reached skill level 1 in Armour
   753 | D:1      | Reached XP level 3. HP: 34/34 MP: 3/3
  1348 | D:2      | Reached XP level 4. HP: 21/41 MP: 4/4
  1376 | D:2      | Found a radiant altar of Vehumet.
  1800 | D:2      | Found a deep blue altar of Sif Muna.
  1800 | D:2      | Found a hazy altar of Hepliaklqana.
  1804 | D:2      | Reached skill level 5 in Fighting
  1806 | D:2      | Reached XP level 5. HP: 47/48 MP: 5/5
  2100 | D:3      | Reached skill level 5 in Axes
  2182 | D:3      | Found a shimmering altar of Xom.
  2401 | D:3      | Splashed by a jelly's acid

Vault maps used:
D:1:      dpeg_arrival_circle_labyrinth_b
D:2:      fiery_altar_vehumet, gammafunk_temple_overflow_pools,
          serial_bayou_pond_d, minmay_snake_closets
D:3:      nicolae_overflow_crystal_walls, minmay_box_of_dots

Skill      XL: |  1  2  3  4  5 |
---------------+----------------+-----
Fighting       | 4 5 |  5.0
Armour         | 1 2 |  2.9
Axes           | 5 |  5.0
Dodging        | |  2.4
Stealth        | |  1.5

Action                   |  1- 3 |  4- 6 || total
-------------------------+-------+-------++-------
Melee: Hand axe          |   124 |   134 ||   258
  Use: Potion            |       |     4 ||     4
 Stab: Sleeping          |     3 |       ||     3
  Eat: Chunk             |     1 |     3 ||     4
Armor: Robe              |    13 |       ||    13
       Plate armour      |    71 |   122 ||   193
Dodge: Dodged            |    67 |    28 ||    95
